[ AOE2 MATCH · #495169073 ]
UnrankedEthiopians vs Magyars
Player's team · LOSS
Rival team · WIN
[ REPLAY ANALYSIS · EXTRACTED FROM THE RECORDED GAME ]
Feudal
9:15
Castle
22:50
Imperial
—
| APM avg | 71.0 |
| APM peak | 126 |
| eAPM avg | 29.2 |
| Villagers / military | 103 / 84 |
Focus
⚔️ 48.2% · 🌾 51.8%
Archer ×70 · Spearman ×11 · Monk ×3
Feudal
8:51
Castle
23:09
Imperial
—
| APM avg | 66.4 |
| APM peak | 106 |
| eAPM avg | 24.0 |
| Villagers / military | 100 / 38 |
Focus
⚔️ 37.9% · 🌾 62.1%
Scout Cavalry ×27 · Mangonel ×6 · Monk ×4 · Spearman ×1
Match map
Initial resources + every placement click. Lines = walls · curves = elevation contours. ◆ gold · ⬟ stone · ● berries · ✦ relic · ◌ wall gap
Your base· ✓ Closed at 22:50 · 40t walls · 1 gate(s)
JOJO ROAD ROLLER's base· Open — 4t gap
Smoothed initial terrain · ◌ = detected wall gap · hover for details
Inputs per minute
— Kalamalahala - - JOJO ROAD ROLLER
Build order — Kalamalahala
First 150 of 295 actions detected
| 0:00 | Create | Villager (Male) |
| 0:02 | Build | House |
| 0:02 | Build | House |
| 0:08 | Create | Villager (Male) |
| 0:08 | Create | Villager (Male) |
| 0:12 | Create | Villager (Male) |
| 0:12 | Create | Villager (Male) |
| 1:35 | Create | Villager (Male) |
| 1:52 | Build | Lumber Camp |
| 2:02 | Create | Villager (Male) |
| 2:03 | Create | Villager (Male) |
| 2:14 | Create | Villager (Male) |
| 2:15 | Create | Villager (Male) |
| 2:53 | Create | Villager (Male) |
| 2:53 | Create | Villager (Male) |
| 3:15 | Create | Villager (Male) |
| 3:34 | Create | Villager (Male) |
| 3:34 | Create | Villager (Male) |
| 4:01 | Create | Villager (Male) |
| 4:05 | Create | Villager (Male) |
| 4:05 | Create | Villager (Male) |
| 4:31 | Build | House |
| 4:33 | Research | Loom |
| 4:39 | Create | Villager (Male) |
| 5:04 | Create | Villager (Male) |
| 5:05 | Create | Villager (Male) |
| 5:13 | Build | Mill |
| 5:18 | Create | Villager (Male) |
| 5:47 | Create | Villager (Male) |
| 5:47 | Create | Villager (Male) |
| 6:24 | Create | Villager (Male) |
| 7:00 | Research | Feudal Age |
| 7:16 | Build | Barracks |
| 7:45 | Create | Villager (Male) |
| 7:55 | Build | House |
| 8:28 | Build | Palisade Wall |
| 8:31 | Build | Palisade Wall |
| 8:32 | Build | Palisade Wall |
| 8:34 | Create | Villager (Male) |
| 9:15 | Build | House |
| 9:15 | Age | Feudal Age |
| 9:17 | Create | Villager (Male) |
| 9:19 | Build | Archery Range |
| 9:25 | Build | Mining Camp |
| 9:31 | Build | Mining Camp |
| 9:35 | Create | Villager (Male) |
| 9:47 | Build | Palisade Wall |
| 9:49 | Create | Spearman |
| 9:52 | Create | Villager (Male) |
| 9:52 | Create | Villager (Male) |
| 9:57 | Research | Double-Bit Axe |
| 9:57 | Research | Double-Bit Axe |
| 10:08 | Build | Palisade Wall |
| 10:10 | Build | Palisade Wall |
| 10:17 | Create | Villager (Male) |
| 10:23 | Build | Palisade Wall |
| 10:25 | Create | Archer |
| 10:28 | Create | Villager (Male) |
| 10:34 | Create | Villager (Male) |
| 10:37 | Build | Farm |
| 10:38 | Create | Archer |
| 10:48 | Build | Palisade Wall |
| 10:51 | Create | Villager (Male) |
| 10:55 | Create | Archer |
| 10:56 | Create | Archer |
| 11:03 | Create | Spearman |
| 11:10 | Create | Archer |
| 11:12 | Create | Spearman |
| 11:15 | Build | House |
| 11:29 | Build | House |
| 11:38 | Create | Villager (Male) |
| 11:46 | Create | Villager (Male) |
| 11:47 | Build | Farm |
| 11:48 | Build | Farm |
| 12:00 | Create | Spearman |
| 12:09 | Create | Villager (Male) |
| 12:14 | Create | Villager (Male) |
| 12:17 | Build | Farm |
| 12:18 | Build | Farm |
| 12:38 | Create | Villager (Male) |
| 12:42 | Build | Blacksmith |
| 13:09 | Create | Villager (Male) |
| 13:11 | Create | Villager (Male) |
| 13:22 | Build | Palisade Wall |
| 13:23 | Build | Palisade Wall |
| 13:23 | Build | Palisade Wall |
| 13:24 | Build | Palisade Wall |
| 13:26 | Build | Lumber Camp |
| 13:31 | Build | House |
| 13:35 | Build | Farm |
| 13:40 | Create | Villager (Male) |
| 13:47 | Build | Palisade Wall |
| 13:56 | Create | Villager (Male) |
| 14:23 | Create | Villager (Male) |
| 14:24 | Create | Archer |
| 14:32 | Build | Farm |
| 14:38 | Create | Archer |
| 14:40 | Research | Fletching |
| 14:53 | Create | Villager (Male) |
| 15:00 | Build | Lumber Camp |
| 15:05 | Build | Watch Tower |
| 15:09 | Create | Archer |
| 15:19 | Create | Villager (Male) |
| 15:29 | Create | Villager (Male) |
| 15:30 | Create | Archer |
| 15:30 | Create | Archer |
| 15:51 | Create | Archer |
| 16:05 | Create | Villager (Male) |
| 16:08 | Create | Villager (Male) |
| 16:16 | Create | Villager (Male) |
| 16:29 | Create | Villager (Male) |
| 16:32 | Create | Villager (Male) |
| 16:33 | Create | Archer |
| 16:43 | Build | Farm |
| 16:44 | Create | Villager (Male) |
| 17:06 | Create | Spearman |
| 17:24 | Create | Archer |
| 17:24 | Create | Archer |
| 17:28 | Create | Villager (Male) |
| 17:34 | Build | House |
| 17:38 | Build | House |
| 17:54 | Research | Wheelbarrow |
| 17:55 | Create | Villager (Male) |
| 17:57 | Build | House |
| 17:58 | Build | House |
| 18:00 | Create | Villager (Male) |
| 18:10 | Create | Archer |
| 18:19 | Create | Archer |
| 18:47 | Create | Archer |
| 19:08 | Create | Villager (Male) |
| 19:09 | Build | Market |
| 19:14 | Build | House |
| 19:15 | Create | Spearman |
| 19:21 | Build | Palisade Wall |
| 19:31 | Create | Villager (Male) |
| 19:33 | Create | Villager (Male) |
| 19:34 | Build | Farm |
| 19:39 | Create | Villager (Male) |
| 19:44 | Build | Farm |
| 19:45 | Build | Farm |
| 19:51 | Build | House |
| 19:52 | Build | Palisade Wall |
| 19:54 | Build | Palisade Wall |
| 19:56 | Build | Palisade Wall |
| 20:10 | Research | Castle Age |
| 20:10 | Research | Castle Age |
| 20:28 | Build | Palisade Gate |
| 20:30 | Build | Archery Range |
| 20:32 | Create | Villager (Male) |
| 20:42 | Research | Gold Mining |
Build order — JOJO ROAD ROLLER
First 150 of 244 actions detected
| 0:00 | Create | Villager (Male) ×4 |
| 0:01 | Build | House |
| 0:02 | Build | House |
| 1:32 | Create | Villager (Male) |
| 2:00 | Build | Lumber Camp |
| 2:01 | Create | Villager (Male) |
| 2:25 | Create | Villager (Male) |
| 2:56 | Create | Villager (Male) |
| 2:56 | Create | Villager (Male) |
| 2:57 | Create | Villager (Male) |
| 3:23 | Create | Villager (Male) |
| 3:29 | Build | House |
| 3:42 | Create | Villager (Male) |
| 4:27 | Create | Villager (Male) |
| 4:29 | Build | Mill |
| 4:50 | Create | Villager (Male) |
| 5:08 | Create | Villager (Male) |
| 5:25 | Research | Loom |
| 5:47 | Create | Villager (Male) |
| 5:48 | Research | Loom |
| 6:37 | Research | Feudal Age |
| 7:23 | Build | House |
| 7:25 | Build | Barracks |
| 7:35 | Create | Villager (Male) |
| 8:51 | Age | Feudal Age |
| 8:54 | Build | Stable |
| 9:02 | Research | Double-Bit Axe |
| 9:26 | Create | Villager (Male) |
| 9:31 | Build | House |
| 9:35 | Create | Scout Cavalry |
| 9:35 | Create | Scout Cavalry |
| 9:36 | Create | Spearman |
| 9:47 | Build | House |
| 9:49 | Build | Palisade Wall |
| 9:50 | Build | Palisade Wall |
| 9:53 | Create | Villager (Male) |
| 9:53 | Create | Villager (Male) |
| 10:09 | Create | Villager (Male) |
| 10:12 | Build | Farm |
| 10:13 | Build | Farm |
| 10:20 | Build | Farm |
| 10:31 | Create | Villager (Male) |
| 10:34 | Build | Farm |
| 11:01 | Create | Scout Cavalry |
| 11:18 | Build | Watch Tower |
| 11:19 | Build | Palisade Wall |
| 11:20 | Build | Palisade Wall |
| 11:20 | Build | Palisade Wall |
| 11:20 | Build | Palisade Wall |
| 11:20 | Build | Palisade Wall |
| 11:21 | Build | Palisade Wall |
| 11:26 | Create | Villager (Male) |
| 11:28 | Build | Farm |
| 11:40 | Create | Scout Cavalry |
| 12:02 | Create | Scout Cavalry |
| 12:06 | Create | Villager (Male) |
| 12:07 | Build | Farm |
| 12:08 | Build | Farm |
| 12:08 | Build | Farm |
| 12:15 | Build | Farm |
| 12:37 | Create | Villager (Male) |
| 12:40 | Build | Mining Camp |
| 12:46 | Create | Villager (Male) |
| 12:51 | Build | House |
| 12:52 | Build | House |
| 13:02 | Create | Scout Cavalry |
| 13:17 | Create | Villager (Male) |
| 13:50 | Create | Villager (Male) |
| 13:59 | Build | Farm |
| 14:01 | Build | Farm |
| 14:14 | Create | Villager (Male) |
| 14:20 | Create | Villager (Male) |
| 14:26 | Build | Watch Tower |
| 14:37 | Build | Farm |
| 14:38 | Build | Farm |
| 14:38 | Build | Farm |
| 14:39 | Build | Farm |
| 14:40 | Create | Villager (Male) |
| 14:41 | Build | House |
| 14:43 | Build | Palisade Wall |
| 14:46 | Build | House |
| 14:48 | Build | House |
| 15:01 | Create | Villager (Male) |
| 15:14 | Create | Scout Cavalry |
| 15:42 | Create | Villager (Male) |
| 15:54 | Build | Farm |
| 16:08 | Build | Watch Tower |
| 16:09 | Create | Villager (Male) |
| 16:09 | Create | Villager (Male) |
| 16:13 | Build | Farm |
| 16:15 | Build | Farm |
| 16:17 | Build | Farm |
| 16:18 | Research | Horse Collar |
| 16:39 | Create | Scout Cavalry |
| 16:48 | Create | Scout Cavalry |
| 17:04 | Create | Villager (Male) |
| 17:07 | Build | Mining Camp |
| 17:15 | Create | Scout Cavalry |
| 17:30 | Create | Villager (Male) |
| 17:31 | Create | Scout Cavalry |
| 17:40 | Research | Wheelbarrow |
| 17:40 | Research | Wheelbarrow |
| 18:05 | Build | Blacksmith |
| 18:22 | Create | Scout Cavalry |
| 18:59 | Create | Villager (Male) |
| 19:10 | Create | Scout Cavalry |
| 19:13 | Build | Farm |
| 19:25 | Build | Market |
| 19:30 | Create | Scout Cavalry |
| 19:32 | Create | Villager (Male) |
| 19:35 | Research | Bloodlines |
| 19:53 | Create | Villager (Male) |
| 19:56 | Build | Farm |
| 19:57 | Build | Farm |
| 20:29 | Research | Castle Age |
| 20:35 | Build | Palisade Wall |
| 20:38 | Build | House |
| 20:39 | Build | House |
| 20:39 | Build | Palisade Wall |
| 20:44 | Build | House |
| 21:07 | Create | Scout Cavalry |
| 21:20 | Build | Stable |
| 21:24 | Research | Bloodlines |
| 21:37 | Build | House |
| 21:44 | Research | Scale Barding Armor |
| 22:10 | Create | Scout Cavalry |
| 22:14 | Create | Scout Cavalry |
| 22:23 | Build | Farm |
| 22:50 | Create | Villager (Male) |
| 23:09 | Age | Castle Age |
| 23:11 | Build | Siege Workshop |
| 23:15 | Research | Light Cavalry (upgrade) |
| 23:24 | Create | Villager (Male) |
| 23:36 | Create | Villager (Male) |
| 23:41 | Create | Mangonel |
| 23:49 | Build | Farm |
| 23:52 | Create | Villager (Male) |
| 24:10 | Create | Scout Cavalry |
| 24:11 | Create | Villager (Male) |
| 24:23 | Create | Villager (Male) |
| 24:28 | Build | House |
| 24:34 | Create | Scout Cavalry |
| 24:34 | Create | Scout Cavalry |
| 24:54 | Build | Town Center |
| 25:07 | Create | Villager (Male) |
| 25:12 | Create | Villager (Male) |
| 25:19 | Research | Chain Barding Armor |
| 25:45 | Create | Villager (Male) |
| 25:50 | Create | Villager (Male) |
| 26:04 | Create | Villager (Male) |
Match timeline
| 7:16 | Kalamalahala · first_building Barracks |
| 7:25 | JOJO ROAD ROLLER · first_building Barracks |
| 8:28 | Kalamalahala · wall_segment Palisade Wall x1 |
| 8:31 | Kalamalahala · wall_segment Palisade Wall x1 |
| 8:32 | Kalamalahala · wall_segment Palisade Wall x1 |
| 8:51 | JOJO ROAD ROLLER · age_up feudal |
| 8:54 | JOJO ROAD ROLLER · first_building Stable |
| 9:15 | Kalamalahala · age_up feudal |
| 9:19 | Kalamalahala · first_building Archery Range |
| 9:47 | Kalamalahala · wall_segment Palisade Wall x8 |
| 9:49 | JOJO ROAD ROLLER · wall_segment Palisade Wall x6 |
| 9:50 | JOJO ROAD ROLLER · wall_segment Palisade Wall x5 |
| 10:08 | Kalamalahala · wall_segment Palisade Wall x3 |
| 10:10 | Kalamalahala · wall_segment Palisade Wall x1 |
| 10:23 | Kalamalahala · wall_segment Palisade Wall x1 |
| 10:48 | Kalamalahala · wall_segment Palisade Wall x6 |
| 11:19 | JOJO ROAD ROLLER · wall_segment Palisade Wall x1 |
| 11:20 | JOJO ROAD ROLLER · wall_segment Palisade Wall x1 |
| 11:20 | JOJO ROAD ROLLER · wall_segment Palisade Wall x2 |
| 11:20 | JOJO ROAD ROLLER · wall_segment Palisade Wall x1 |
| 11:20 | JOJO ROAD ROLLER · wall_segment Palisade Wall x1 |
| 11:21 | JOJO ROAD ROLLER · wall_segment Palisade Wall x1 |
| 13:22 | Kalamalahala · wall_segment Palisade Wall x1 |
| 13:23 | Kalamalahala · wall_segment Palisade Wall x1 |
| 13:23 | Kalamalahala · wall_segment Palisade Wall x1 |
| 13:24 | Kalamalahala · wall_segment Palisade Wall x1 |
| 13:47 | Kalamalahala · wall_segment Palisade Wall x1 |
| 14:43 | JOJO ROAD ROLLER · wall_segment Palisade Wall x8 |
| 19:21 | Kalamalahala · wall_segment Palisade Wall x1 |
| 19:52 | Kalamalahala · wall_segment Palisade Wall x3 |
| 19:54 | Kalamalahala · wall_segment Palisade Wall x1 |
| 19:56 | Kalamalahala · wall_segment Palisade Wall x8 |
| 20:06 | Kalamalahala · first_market_buy 100 food |
| 20:21 | JOJO ROAD ROLLER · first_market_buy 100 food |
| 20:35 | JOJO ROAD ROLLER · wall_segment Palisade Wall x1 |
| 20:39 | JOJO ROAD ROLLER · wall_segment Palisade Wall x1 |
| 22:50 | Kalamalahala · age_up castle |
| 23:09 | JOJO ROAD ROLLER · age_up castle |
| 23:11 | JOJO ROAD ROLLER · first_building Siege Workshop |
| 24:51 | Kalamalahala · first_building Monastery |
| 27:05 | JOJO ROAD ROLLER · first_building Monastery |
| 29:35 | Kalamalahala · first_market_sell 100 food |
| 31:19 | JOJO ROAD ROLLER · first_building Castle |
| 33:31 | Kalamalahala · resign |
[ AI ANALYSIS · 1 CREDIT ]
What really happened in this match?
Wolo.gg analyzes every decision: build order, eco, micro, common mistakes by bracket. Personalized analysis on WhatsApp or Discord in 30 seconds.
Civ guide
Ethiopians
Perfil
Kalamalahala